 Dungeon Crawl Stone Soup version 0.28-a0-245-g639a1a48b9 (webtiles) character file.

Game seed: 2171185874046567301

486 spiderkeys the Sneak (level 7, -1/36 HPs)
             Began as a Vine Stalker Abyssal Knight on Aug 25, 2021.
             Was a Priest of Lugonu.
             Slain by a white imp (3 damage)
             ... summoned by Eustachio
             ... on level 3 of the Dungeon.
             The game lasted 00:18:46 (5657 turns).

spiderkeys the Sneak (Vine Stalker Abyssal Knight)  Turns: 5657, Time: 00:18:47

Health: -1/36      AC:  8    Str: 14      XL:     7   Next: 13%
Magic:  0/10       EV: 11    Int: 12      God:    Lugonu [***...]
Gold:   109        SH:  0    Dex: 15 (16) Spells: 6/7 levels left

rFire   . . .      SeeInvis .   e - +2 dagger (venom)
rCold   . . .      Faith    .   (no shield)
rNeg    . . .      Spirit   +   c - +0 ring mail
rPois   .          Reflect  .   s - +1 helmet
rElec   .          Harm     .   (no cloak)
rCorr   .          Rampage  .   k - +0 pair of gloves
Will    .....                   (no boots)
Stlth   ++........              (no amulet)
HPRegen 1.12/turn               Z - ring of wizardry
MPRegen 0.12/turn               (no ring)

@: no status effects
A: fangs 2, regeneration 1, magic shield, antimagic bite, no potion heal 2
a: Renounce Religion, Depart the Abyss, Bend Space, Banish


You were on level 3 of the Dungeon.
You worshipped Lugonu.
Lugonu was most pleased with you.
You visited 1 branch of the dungeon, and saw 4 of its levels.
You visited the Abyss 1 time.

You collected 109 gold pieces.


Innate Abilities, Weirdness & Mutations

You have extremely sharp teeth.
Your natural rate of healing is unusually fast.
When hurt, damage is shared between your health and your magic reserves.
Your bite disrupts and absorbs the magic of your enemies.
Potions cannot restore your health.


   Skills:
 - Level 3.0 Fighting
 + Level 3.2 Short Blades
 - Level 1.5 Armour
 + Level 2.5 Dodging
 + Level 4.0 Stealth
 + Level 0.6 Spellcasting
 - Level 2.4 Air Magic
 + Level 3.6 Invocations


You had 6 spell levels left.
You knew the following spells:

 Your Spells              Type           Power      Damage    Failure   Level
z - Shock                 Conj/Air       12%        1d3       16%         1

Your spell library contained the following spells:

 Spells                   Type           Power      Damage    Failure   Level
 Swiftness                Air            6%         N/A       26%         3
 Frozen Ramparts          Ice            0%         1d2       58%         3
 Portal Projectile        Hex/Tloc       0%         N/A       58%         3
 Airstrike                Air            3%         N/A       65%         4
 Ice Form                 Ice/Tmut       0%         N/A       92%         4
 Summon Ice Beast         Ice/Summ       0%         N/A       92%         4
 Blade Hands              Tmut           0%         N/A       99%         5
 Excruciating Wounds      Necr           0%         N/A       99%         5

Inventory:

Hand Weapons
 a - a +2 short sword
 e - a +2 dagger of venom (weapon)
   (You took it off a goblin on level 1 of the Dungeon)
 j - a +2 dagger of draining
   (You took it off a goblin on level 3 of the Dungeon)
 o - a +3 quick blade {rare}
   (You acquired it on level 4 of the Dungeon)
Missiles
 b - 66 sling bullets
 d - 20 poisoned darts
 g - 3 boomerangs
 i - 115 stones
Armour
 c - a +0 ring mail (worn)
   (You found it on level 1 of the Dungeon)
 h - the +0 robe of Responsibility {-Tele rF+++}
   (You found it on level 4 of the Dungeon)

   rF:        It renders you almost immune to fire.
   -Tele:     It prevents most forms of teleportation.
 k - a +0 pair of gloves (worn)
   (You found it on level 3 of the Dungeon)
 s - a +1 helmet (worn)
   (You took it off Robin on level 4 of the Dungeon)
Jewellery
 Z - a ring of wizardry (left hand)
   (You found it on level 3 of the Dungeon)
Scrolls
 m - a scroll of fog
Potions
 n - a potion of brilliance
 q - a potion of lignification {unknown}
 r - a potion of heal wounds {@q2}

Dungeon Overview and Level Annotations

Branches:
Dungeon (4/15)
 Temple: D:4-7

Altars:
Gozag
Hepliaklqana
Kikubaaqudgha
Sif Muna

Annotations:
D:3 Eustachio
D:4 Pikel

#.###.##...# #.# #.# #.##
#.##...#.#.# #.# #.### ##+##
#.###.##.#.# #.# #...######...#
#.# #.#..#.###.# #.#....##.....
#.###.##.......# ###.##...#......
..#.#..)...##### #....#._.#......
.+......<......# #....#...#......
.####...########♣#)...#####......
## ##.## ##@@..#.###p##...... #
#.# ##.5♣#.### #####..... #.#
#..5##.# ######...# #.# #♣..###.#
##'## ### #.# #.>.# #.# ###.##
..# #.# #♣..###.##### #..... #.#
#.# #...##.....# #.#.## #.# #.#
##..♣#.###.#####....# #.####.#
##..'...............


You could see Eustachio (poisoned), a white imp (summoned) and an ufetubus
(summoned).


Message History

* * * LOW HITPOINT WARNING * * *
The rat bites you but does no damage. The quokka barely misses you.
Eustachio hits you with a +1 rapier of venom!
* * * LOW HITPOINT WARNING * * *
😨 HP[-12] MP[-4]
You take 12 damage, and now have 11/36 hp.
MASSIVE DAMAGE!! (PAUSE)
You lost 4 mp, and now have 5/10 mp.
You feel sick. The quokka bites you.
* * * LOW HITPOINT WARNING * * *
The river rat bites you but does no damage.
Eustachio drinks a potion.
Eustachio is healed! 😱 HP[-2] MP[-1]
You take 2 damage, and now have 9/36 hp.
You lost 1 mp, and now have 4/10 mp.
You feel sick. 😱 MP[+1]
You feel sick.
You feel sick.
You are no longer poisoned.
The quokka bites you but does no damage. 😨 HP[+1] 😨 HP[+1]
The rat twitches its whiskers. 😨 HP[+1]
You hit the quasit. You bite the quasit, but do no damage.
The quasit bites you but does no damage.
The quasit misses you. The quasit barely misses you. 😨 HP[+1]
You closely miss the quasit. The quasit bites you.
You feel clumsy.
The quasit claws you but does no damage.
The quasit barely misses you.
Eustachio casts a spell. 😨 HP[+1] MP[-1]
You lost 1 mp, and now have 4/10 mp.
Space bends sharply around you!
The quasit blinks!
You blink.
The ufetubus disappears in a puff of smoke!
The quasit disappears in a puff of smoke!
The quasit bites you but does no damage.
The quasit misses you. The quasit barely misses you.
The shadow imp gestures at you. You resist with significant effort.
Eustachio hits you but does no damage. The white imp barely misses you.
Eustachio falters for a moment.
The white imp gestures at you. The puff of frost hits you!
* * * LOW HITPOINT WARNING * * *
There is a stone staircase leading up, spattered with blood here. 😱 HP[-8] MP[-2]
You take 8 damage, and now have 6/36 hp.
MASSIVE DAMAGE!! (PAUSE)
You lost 2 mp, and now have 2/10 mp.
The quasit bites you but does no damage.
The quasit claws you but does no damage. x2
Eustachio hits you but does no damage.
You are poisoned.
You climb upwards.
The quokka disappears in a puff of smoke!
The river rat disappears in a puff of smoke!
The rat disappears in a puff of smoke!
The shadow imp disappears in a puff of smoke!
The white imp disappears in a puff of smoke!
The quasit disappears in a puff of smoke!
You feel very sick.
There is a stone staircase leading down here. 😱 HP[-1]
You take 1 damage, and now have 5/36 hp.
Space bends around you!
You blink.
You feel sick. 😱 HP[-1] MP[-1]
You take 1 damage, and now have 4/36 hp.
You lost 1 mp, and now have 1/10 mp.
Okay, then.
You feel sick.
Eustachio mumbles some strange words.
Okay, then.
Okay, then.
Okay, then.
Okay, then.
Okay, then.
Okay, then.
You feel sick. The white imp gestures at you. The puff of frost hits you.
* * * LOW HITPOINT WARNING * * *
😱 HP[-3] MP[-1]
You take 3 damage, and now have 1/36 hp.
You lost 1 mp, and now have 0/10 mp.
Unknown command.
Your system rejects the healing.
You feel better.
The white imp completely misses you. 😱 HP[+1]
The white imp hits you.
* * * LOW HITPOINT WARNING * * *
The white imp freezes you.
You die...

Skill      XL: |  1  2  3  4  5  6  7 |
---------------+----------------------+-----
Dodging        | 1 2 |  2.5
Invocations    | 2 3 |  3.6
Short Blades   | 2 3 |  3.2
Stealth        | 1 2 3 4 |  4.0
Fighting       | 3 |  3.0
Air Magic      | 1 2 |  2.4
Armour         | |  1.5
Spellcasting   | |  0.6

Action                   |  1- 3 |  4- 6 |  7- 9 || total
-------------------------+-------+-------+-------++-------
Melee: Short sword       |    96 |     2 |       ||    98
       Bite              |    18 |    92 |    17 ||   127
       Dagger            |       |   140 |    45 ||   185
       Quick blade       |       |   144 |       ||   144
Throw: Stone             |     7 |     1 |       ||     8
       Dart              |       |    15 |       ||    15
 Cast: Shock             |     7 |     9 |       ||    16
Invok: Depart the Abyss  |     1 |       |       ||     1
       Bend Space        |       |       |     2 ||     2
  Use: Scroll            |     5 |     9 |     1 ||    15
       Potion            |     1 |       |     1 ||     2
 Stab: Sleeping          |       |     3 |       ||     3
Armor: Ring mail         |    37 |    60 |    31 ||   128
Dodge: Dodged            |    48 |   119 |    45 ||   212

Levels and vault maps discovered:
D:1:      lightli_arrival_chessboard, layout_basic,
          shapermc_ecumenical_altar_pompeii
D:2:      layout_basic, minivault_23
D:3:      layout_loops_corners, tgw_kikubaaqudgha, general_overflow_altar,
          gammafunk_ghost_split, grunt_decor_fettered, kennysheep_minor_cross,
          grunt_ministairs_8
D:4:      layout_layer_cave, mainiacjoe_overflow_tiny_flanked,
          kennysheep_mini_moat, marbit_many_paths, temple_doors_ab,
          serial_glass, glass_columns_a, glass_columns_a,
          kennysheep_cluttered_room, uniq_eustachio, uniq_robin, uniq_pikel

Notes
Turn   | Place    | Note
-------+----------+-------------------------------------------
     0 | Abyss:1  | spiderkeys the Vine Stalker Abyssal Knight began the quest
                  | for the Orb.
     0 | Abyss:1  | Reached XP level 1. HP: 11/11 MP: 3/3
     0 | Abyss:1  | magus.rc [v1.9.10]
    68 | Abyss:1  | Noticed a starcursed mass
   101 | Abyss:1  | Noticed an efreet
   103 | D:1      | You pass through the gate.
   103 | D:1      | Escaped the Abyss
   225 | D:1      | You pick up a book of Air and begin reading...
   225 | D:1      | You add the spells Shock, Swiftness and Airstrike to your
                  | library.
   314 | D:1      | Reached skill level 1 in Dodging
   314 | D:1      | Reached XP level 2. HP: 16/16 MP: 4/4
   316 | D:1      | Learned a level 1 spell: Shock
   344 | D:1      | Reached * piety under Lugonu
   378 | D:1      | Reached skill level 2 in Invocations
   553 | D:1      | Reached skill level 2 in Short Blades
   649 | D:1      | Found a faded altar of an unknown god.
   654 | D:1      | You pick up a book of Rime and begin reading...
   654 | D:1      | You add the spells Frozen Ramparts, Ice Form and Summon Ice
                  | Beast to your library.
   692 | D:1      | Reached skill level 1 in Stealth
  1510 | D:2      | Reached XP level 3. HP: 15/19 MP: 0/5
  1518 | D:2      | HP: 3/19 [adder (4)]
  1521 | D:2      | HP: 1/19 [adder (2)]
  1916 | D:2      | Reached skill level 3 in Fighting
  2467 | D:2      | Reached skill level 1 in Air Magic
  2495 | D:2      | You pick up a book of Weapons and begin reading...
  2495 | D:2      | You add the spells Portal Projectile, Excruciating Wounds
                  | and Blade Hands to your library.
  2511 | D:2      | Gained mutation: Your natural rate of healing is unusually
                  | fast. [Vine Stalker growth]
  2511 | D:2      | Reached XP level 4. HP: 22/24 MP: 6/6
  2561 | D:1      | Reached ** piety under Lugonu
  2709 | D:2      | Reached skill level 2 in Stealth
  3070 | D:3      | Found a runed translucent gate.
  3070 | D:3      | Found a runed translucent gate.
  3070 | D:3      | Noticed gorlok231's ghost (amateur HuIE)
  3071 | D:3      | Found a runed translucent gate.
  3129 | D:3      | Found an opulent altar of Gozag.
  3771 | D:3      | Found an ancient bone altar of Kikubaaqudgha.
  3779 | D:3      | Reached XP level 5. HP: 28/28 MP: 7/7
  3856 | D:3      | Reached *** piety under Lugonu
  3866 | D:3      | Noticed a human
  3867 | D:3      | Killed a human
  3975 | D:3      | Reached skill level 3 in Invocations
  3991 | D:3      | Killed gorlok231's ghost
  3992 | D:3      | Reached skill level 2 in Dodging
  3992 | D:3      | Reached skill level 3 in Stealth
  3992 | D:3      | Reached skill level 2 in Air Magic
  3992 | D:3      | Reached XP level 6. HP: 22/32 MP: 9/9
  4189 | D:4      | Identified a scroll of acquirement
  4189 | D:4      | Acquired a +3 quick blade
  4190 | D:4      | o - a +3 quick blade {rare}
  4191 | D:4      | o - a +3 quick blade (weapon) {rare}
  4316 | D:4      | Noticed a necrophage
  4326 | D:4      | Killed a necrophage
  4327 | D:4      | Reached skill level 3 in Short Blades
  4649 | D:4      | Noticed Robin
  4658 | D:4      | Killed Robin
  4689 | D:4      | Found a shimmering blue altar of Sif Muna.
  4775 | D:4      | Noticed Pikel
  4847 | D:4      | HP: 3/32 [Pikel/puff of flame (10)]
  5184 | D:4      | Identified the +0 robe of Responsibility {-Tele rF+++}
  5261 | D:4      | Found a hazy altar of Hepliaklqana.
  5468 | D:4      | Reached XP level 7. HP: 36/36 MP: 10/10
  5474 | D:4      | Noticed Eustachio
  5476 | D:4      | Reached skill level 4 in Stealth
  5640 | D:4      | HP: 9/36 [quokka[Eustachio] (2)]
  5650 | D:4      | HP: 6/36 [white imp/puff of frost[Eustachio] (9)]
  5655 | D:3      | HP: 4/36 [poisoned by Eustachio]
  5655 | D:3      | HP: 1/36 [white imp/puff of frost[Eustachio] (3)]
  5657 | D:3      | Slain by a white imp

Vanquished Creatures
  A necrophage (D:4)
  The ghost of gorlok231 the Chiller, an amateur HuIE (D:3)
  4 lemures (D:4)
  A howler monkey (D:3)
  An iguana (D:4)
  3 orc wizards
  Robin (D:4)
  3 adders (D:2)
  An ufetubus (D:4)
  3 worms
  A dart slug (D:4)
  15 orcs
  8 bats
  9 endoplasms
  3 giant cockroaches
  17 goblins
  12 hobgoblins
  9 jackals (D:3)
  2 quokkas (D:1)
  5 ball pythons
  2 frilled lizards
  6 kobolds
  4 rats
112 creatures vanquished.

Vanquished Creatures (others)
  A human (D:3)
1 creature vanquished.

Grand Total: 113 creatures vanquished

Table legend:
 A = Non-vault XP
 B = Vault XP
 C = Vault XP percentage of total XP
 D = Non-vault monster count
 E = Vault monster count
 F = Vault count percentage of total count
                 A         B        C        D         E       F
            +---------+---------+-------+---------+---------+-------
      Total |     447 |     248 |  35.7 |      86 |      22 |  20.4
            +---------+---------+-------+---------+---------+-------
        D:1 |      36 |       0 |   0.0 |      22 |       0 |   0.0
        D:2 |      73 |       0 |   0.0 |      19 |       0 |   0.0
        D:3 |      62 |     213 |  77.5 |      27 |      11 |  28.9
        D:4 |     276 |      35 |  11.3 |      18 |      11 |  37.9
            +---------+---------+-------+---------+---------+-------

Illustrated notes

Table legend:
 A = Kills in this place as a percentage of kills in entire the game.
 B = Kills by you in this place as a percentage of kills by you in the entire game.
 C = Kills by friends in this place as a percentage of kills by friends in the entire game.
 D = Other kills in this place as a percentage of other kills in the entire game.
 E = Experience gained in this place as a percentage of experience gained in the entire game.
 F = Experience gained in this place divided by the number of levels of this place that you have seen.
                   A       B       C       D       E      F
               +-------+-------+-------+-------+-------+----------------------
         Total | 100.0 | 100.0 |   N/A |   N/A | 100.0 | 139.0
       Dungeon | 100.0 | 100.0 |   N/A |   N/A | 100.0 | 173.8
               +-------+-------+-------+-------+-------+----------------------

Table legend: (Time is in decaauts)
 A = Elapsed time spent in this place.
 B = Non-inter-level travel time spent in this place.
 C = Inter-level travel time spent in this place.
 D = Time resting spent in this place.
 E = Time spent auto-exploring this place.
 F = Levels seen in this place.
 G = Mean time per level.
                   A        B        C        D        E       F      G
               +--------+--------+--------+--------+--------+-----+--------+
         Total |   5574 |   5380 |    194 |    908 |   3219 |   5 | 1114.8 |
       Dungeon |   5471 |   5277 |    194 |    908 |   3219 |   4 | 1367.8 |
         Abyss |    103 |    103 |      0 |      0 |      0 |   1 |  103.0 |
               +--------+--------+--------+--------+--------+-----+--------+

Top non-repeatable levels by time:
     D:1: 1466 daAuts
     D:3: 1405 daAuts
     D:4: 1368 daAuts
     D:2: 1231 daAuts
 Abyss:1: 103 daAuts
